 Dungeon Crawl Stone Soup version 0.27.0-1-g7a089689b8 (webtiles) character file.

Game seed: 9197526823260594767

518 Spaninq the Magician (level 7, -6/45 HPs)
             Began as a Djinni Fire Elementalist on Aug 3, 2021.
             Killed from afar by Ijyb (11 damage)
             ... with a bolt of acid
             ... on level 3 of the Dungeon.
             The game lasted 00:08:57 (4043 turns).

Spaninq the Magician (Djinni Fire Elementalist)     Turns: 4043, Time: 00:08:57

Health: -6/45      AC:  2    Str:  7    XL:     7   Next: 45%
Gold:   133        EV: 12    Int: 18    God:
                   SH:  0    Dex: 14

rFire    + + .     SeeInvis .   c - staff of conjuration
rCold    x . .     Faith    .   (no shield)
rNeg     . . .     Spirit   .   a - +0 robe
rPois    ∞         Reflect  .   (no helmet)
rElec    .         Harm     .   (no cloak)
rCorr    .         Rampage  .   (no gloves)
Will     .....                  (boots unavailable)
Stlth    ++........             (no amulet)
HPRegen  0.15/turn              (no ring)
MPRegen  0.00/turn              (no ring)

@: flying
A: sickness immunity, fire resistance 2, cold vulnerability 1, float, innate
caster, hp casting, extra vitality 1
a: no special abilities


You were on level 3 of the Dungeon.
You visited 1 branch of the dungeon, and saw 3 of its levels.

You collected 133 gold pieces.

Inventory:

Armour
 a - a +0 robe (worn)
Magical Staves
 c - a staff of conjuration (weapon)
 d - a staff of death
Jewellery
 m - a +4 ring of slaying
Scrolls
 b - a scroll of enchant armour {unknown}
 e - a scroll of teleportation {unknown}
 g - a scroll of amnesia {unknown}
 h - a scroll of enchant weapon {unknown}
 j - a scroll of identify {unknown}
Potions
 f - 2 potions of curing {unknown}
 i - a potion of haste {unknown}
 k - a potion of might {unknown}
 l - a potion of mutation {unknown}


   Skills:
 - Level 2.1 Dodging
 - Level 1.5 Stealth
 + Level 6.2 Spellcasting


You couldn't memorise any spells.
You knew the following spells:

 Your Spells              Type           Power      Damage    Failure   Level
a - Foxfire               Conj/Fire      100%       2x1d9     1%          1
b - Conjure Flame         Conj/Fire      41%        6-21      2%          3
c - Inner Flame           Hex/Fire       27%        N/A       2%          3
d - Sticky Flame          Conj/Fire      41%        2d6       9%          4
e - Fireball              Conj/Fire      20%        3d10      26%         5
f - Corona                Hex            30%        N/A       1%          1
g - Slow                  Hex            27%        N/A       1%          2
h - Ensorcelled Hibernat  Hex/Ice        54%        N/A       1%          2
Your spell library was empty.

Dungeon Overview and Level Annotations

Branches:
Dungeon (3/15)

Altars:
Xom

Annotations:
D:2 1 runed translucent door, Crazy Yiuf
D:3 Ijyb


Innate Abilities, Weirdness & Mutations

You are immune to sickness and miasma.
You are immune to poison.
Your flesh is very heat resistant. (rF++)
You are vulnerable to cold. (rC-)
You float through the air rather than walking.
You learn spells naturally, not from books.
Your magical power is your life essence.
You have superior vitality. (+4 HP)


Message History

The foxfire hits Ijyb but does no damage.
Ijyb is heavily wounded.
You barely miss Ijyb.
Ijyb is heavily wounded.
Ijyb hits you with a +0 club.
Your foxfire dissipates!
Ijyb zaps a wand.
The bolt of acid misses you.
Casting: Foxfire (safe; 1% risk of failure)
Confirm with . or Enter, or press ? or * to list all spells.
You feel a surge of power!
You conjure some foxfire!
Ijyb zaps a wand.
The bolt of acid hits your foxfire!
Your foxfire is splashed with acid.
The acid corrodes your foxfire! The bolt of acid hits you!
* * * LOW HITPOINT WARNING * * *
The acid corrodes you!
You are splashed with acid!
* * * LOW HITPOINT WARNING * * *
The foxfire hits Ijyb but does no damage.
Ijyb is moderately wounded.
The foxfire hits Ijyb but does no damage.
Ijyb is moderately wounded.
Casting: Foxfire (safe; 1% risk of failure)
Confirm with . or Enter, or press ? or * to list all spells.
You feel a surge of power!
You conjure some foxfire!
* * * LOW HITPOINT WARNING * * *
The foxfire hits Ijyb.
Ijyb resists.
Ijyb is heavily wounded.
The foxfire hits Ijyb but does no damage.
Ijyb is heavily wounded.
Casting: Foxfire (safe; 1% risk of failure)
Confirm with . or Enter, or press ? or * to list all spells.
You feel a surge of power!
You conjure some foxfire!
* * * LOW HITPOINT WARNING * * *
The foxfire hits Ijyb.
Ijyb resists.
Ijyb is heavily wounded.
The foxfire hits Ijyb but does no damage.
Ijyb is heavily wounded.
Ijyb screams, "Level is mine!
All mine!"
Ijyb is no longer unusually resistant.
You are no longer corroded.
Ijyb zaps a wand.
The bolt of acid hits you!
You die...

#.###########.########. ###
#.#...........# ..#
#.#.########### ########## #.#
#.#.# ####### #.....Y... #.#
#.#.# #.....# #.#######Y
##.###.#.# #.###.# #.# #.
.......#.###.###.#######.#######.
...........g.....................
.......#.###.###@........########
.#.###.#.###.#...........#####
.#...#.#.#...#.########......#
.###.#.#...........^.........# .#
#.#.....####.#######......#
.###.##########.# #.######
>...............##### #.#
####.##########.[...# #.# #.#
##.##.# #.#


You could see Ijyb (slow).

Vanquished Creatures
  Sigmund (D:3)
  2 ice beasts (D:3)
  Terence (D:2)
  Natasha (thrice) (D:2)
  3 adders
  A worm (D:2)
  A dart slug (D:3)
  An orc (D:3)
  2 bats
  5 endoplasms
  3 giant cockroaches
  2 hobgoblins
  3 jackals (D:1)
  7 kobolds
  2 quokkas
  5 ball pythons
  6 frilled lizards
  5 goblins
  8 rats
61 creatures vanquished.

Vanquished Creatures (others)
  250 foxfires
250 creatures vanquished.

Grand Total: 311 creatures vanquished

Notes
Turn   | Place    | Note
-------+----------+-------------------------------------------
     0 | D:1      | Spaninq the Djinni Fire Elementalist began the quest for
                  | the Orb.
     0 | D:1      | Reached XP level 1. HP: 15/15 MP: 0/0
   232 | D:1      | Reached XP level 2. HP: 16/21 MP: 0/0
   466 | D:1      | Reached skill level 3 in Spellcasting
   884 | D:1      | Reached XP level 3. HP: 22/25 MP: 0/0
   884 | D:1      | Learned a level 1 spell: Corona
  1001 | D:1      | Found a faded altar of an unknown god.
  1712 | D:2      | Noticed Natasha
  1713 | D:2      | Noticed Terence
  1815 | D:2      | Reached XP level 4. HP: 27/31 MP: 0/0
  2097 | D:2      | Killed Natasha
  2285 | D:2      | Killed Terence
  2286 | D:2      | Reached skill level 4 in Spellcasting
  2286 | D:2      | Reached XP level 5. HP: 29/35 MP: 0/0
  2286 | D:2      | Learned a level 2 spell: Slow
  2383 | D:2      | Found a runed translucent door.
  2384 | D:2      | Noticed Crazy Yiuf
  2392 | D:2      | Noticed Natasha
  2395 | D:2      | Killed Natasha
  2701 | D:2      | Noticed Natasha
  2706 | D:2      | Killed Natasha
  3350 | D:3      | Noticed an ice beast
  3381 | D:3      | Killed an ice beast
  3382 | D:3      | Reached skill level 5 in Spellcasting
  3382 | D:3      | Reached XP level 6. HP: 33/40 MP: 0/0
  3480 | D:3      | Noticed an ice beast
  3486 | D:3      | Killed an ice beast
  3562 | D:3      | Noticed Sigmund
  3589 | D:3      | Killed Sigmund
  3590 | D:3      | Reached skill level 6 in Spellcasting
  3590 | D:3      | Reached XP level 7. HP: 22/45 MP: 0/0
  3590 | D:3      | Learned a level 2 spell: Ensorcelled Hibernation
  3772 | D:3      | Found a shimmering altar of Xom.
  4000 | D:3      | Noticed Ijyb
  4043 | D:3      | Killed from afar by Ijyb

Illustrated notes

Levels and vault maps discovered:
D:1:      minmay_arrival_semitransparent, layout_basic,
          ebering_ecumenical_altar_petrified, st_stairs_2
D:2:      layout_basic, grunt_decor_arrowhead, uniq_crazy_yiuf_cottage,
          uniq_terence, uniq_natasha
D:3:      layout_basic, mainiacjoe_overflow_alcove_1, supply_closet_lemuel,
          uniq_sigmund, uniq_ijyb

Skill      XL: |  1  2  3  4  5  6 |
---------------+-------------------+-----
Spellcasting   | 3 4 5 6 |  6.2
Dodging        | |  2.1
Stealth        | |  1.5

Action                   |  1- 3 |  4- 6 |  7- 9 || total
-------------------------+-------+-------+-------++-------
Melee: Staff             |     6 |     1 |     4 ||    11
 Cast: Foxfire           |    66 |    83 |    12 ||   161
       Slow              |       |     3 |     2 ||     5
       Sticky Flame      |       |       |     1 ||     1
Armor: Robe              |     8 |       |       ||     8
Dodge: Dodged            |    26 |     4 |     3 ||    33
